 Dungeon Crawl Stone Soup version 0.19.0-24-gb05acd6 (webtiles) character file.

653 KarmaPolice the Ducker (level 7, -2/36 HPs)
             Began as a Tengu Wizard on Nov 22, 2016.
             Was an Initiate of Vehumet.
             Shot with an arrow by a centaur (6 damage)
             ... on level 6 of the Dungeon.
             The game lasted 00:19:09 (6679 turns).

KarmaPolice the Ducker (Tengu Wizard)               Turns: 6679, Time: 00:19:09

Health: -2/36      AC:  5    Str:  8    XL:     7   Next: 54%
Magic:  9/14       EV: 13    Int: 19    God:    Vehumet [......]
Gold:   245        SH:  0    Dex: 13    Spells: 3 memorised, 10 levels left

rFire  . . .     SeeInvis .     A - +4 quarterstaff (chaos)
rCold  . . .     Gourm    .     a - +1 robe
rNeg   . . .     Faith    .     (shield currently unavailable)
rPois  .         Spirit   .     b - +0 hat
rElec  .         Reflect  .     B - +0 cloak
rCorr  .         Harm     .     w - +0 pair of gloves
MR     .....                    (boots unavailable)
Stlth  ++........               x - amulet of magic regeneration
                                o - ring of wizardry
                                (no ring)

@: drained
A: beak, talons 3, able to fly 1
a: Fly, Renounce Religion


You were on level 6 of the Dungeon.
You worshipped Vehumet.
Vehumet was noncommittal.
You were hungry.

You visited 2 branches of the dungeon, and saw 7 of its levels.

You collected 245 gold pieces.

Inventory:

Hand Weapons
 t - a +1 quarterstaff of speed
 A - a +4 quarterstaff of chaos (weapon)
Armour
 a - a +1 robe (worn)
 b - a +0 hat (worn)
 j - the cursed +0 ring mail of Watchfulness {Str+6, unknown}
   (You found it on level 4 of the Dungeon)

   It affects your strength (+6).
   It has a curse placed upon it.
 w - a +0 pair of gloves (worn)
 B - a +0 cloak (worn)
Jewellery
 o - a ring of wizardry (right hand)
 x - an amulet of magic regeneration (around neck)
Scrolls
 e - 2 scrolls of random uselessness {unknown}
 f - a scroll of fog
 i - 2 scrolls of teleportation
 k - a scroll of vulnerability {unknown}
 l - 2 scrolls of enchant armour
 n - 3 scrolls of identify
 u - a scroll of noise {unknown}
 y - a scroll of acquirement {unknown}
 D - a scroll of remove curse
Potions
 g - 3 potions of berserk rage {unknown}
 h - 2 potions of heal wounds {unknown}
 m - 2 potions of curing {unknown}
 r - a potion of brilliance {unknown}
 s - a potion of lignification {unknown}
 z - a potion of might {unknown}
Books
 c - a book of Minor Magic

   Spells                             Type                      Level
   a - Magic Dart                     Conjuration                  1
   b - Blink                          Translocation                2
   c - Call Imp                       Summoning                    2
   d - Repel Missiles                 Charms/Air                   2
   e - Slow                           Hexes                        2
   f - Conjure Flame                  Conjuration/Fire             3
   g - Mephitic Cloud                 Conjuration/Poison/Air       3
Comestibles
 d - 5 bread rations
 p - 6 fruits
 q - 3 meat rations
 v - a royal jelly


   Skills:
 + Level 4.7(3.7) Dodging
 - Level 2.0(1.0) Stealth
 + Level 4.5(3.5) Spellcasting
 + Level 4.5(3.5) Conjurations
 + Level 4.2(3.2) Summonings
   Level 0.7(0.0) Translocations
 + Level 3.6(2.6) Air Magic


You had 10 spell levels left.
You knew the following spells:

 Your Spells              Type           Power        Failure   Level  Hunger
a - Magic Dart            Conj           ###.         1%          1    None
b - Call Imp              Summ           ###.....     3%          2    ##.....
c - Repel Missiles        Chrm/Air       #.....       6%          2    ##.....


Dungeon Overview and Level Annotations

Branches:
Dungeon (6/15)             Temple (1/1) D:4

Altars:
Ashenzari
Cheibriados
Elyvilon
Hepliaklqana
Qazlal
Trog
Vehumet
The Shining One


Innate Abilities, Weirdness & Mutations

You have a beak for a mouth.
You have claws for feet.
You can fly.


Message History

The wight hits you with a dagger of freezing.
You feel drained. The wight freezes you.
* * * LOW HITPOINT WARNING * * *
The centaur shoots an arrow.
The arrow closely misses you.
Your white imp gestures at the wight.
The puff of frost hits the wight.
The wight resists.
You swap places.
The centaur shoots an arrow.
The arrow hits you.
* * * LOW HITPOINT WARNING * * *
Your white imp hits the wight but does no damage.
The wight hits you with a dagger of freezing.
* * * LOW HITPOINT WARNING * * *
The wight freezes you.
* * * LOW HITPOINT WARNING * * *
There is a stone staircase leading up here.
You see here an arrow.
The centaur shoots an arrow.
The arrow barely misses you.
Your white imp hits the wight.
Your white imp freezes the wight.
The wight resists.
The wight completely misses you.
The centaur shoots an arrow.
The arrow hits you.
You die...

.......######.......##
#.#.#..#.............#
...................).#
#.#.#.##...c.........#
......# #.#.........#
.###### #.#...(.....#
..z5z.####......(....#
###..z...............#
##.##z.(.(....5@....#
##5.# ####....(z55...#
...## ##.(..((.(..#
.### #..........# ##
#..#.....### #
#....##### #########
#.##.## #.<....#
#.....#
#(...z.###.#.#.#


You could see a centaur, a wight, a friendly crimson imp and 2 friendly white
imps.

Vanquished Creatures
  Sigmund (D:5)
  A howler monkey (D:5)
  A crimson imp (D:5)
  2 worker ants
  A killer bee zombie (D:6)
  A hound skeleton (D:6)
  3 adders
  A worm (D:5)
  A dart slug (D:5)
  A leopard gecko (D:2)
  3 bats (D:1)
  2 giant cockroaches
  7 goblins
  4 hobgoblins
  A jackal (D:5)
  A quokka (D:4)
  A ball python (D:3)
  9 frilled lizards
  4 kobolds
  10 rats
55 creatures vanquished.

Vanquished Creatures (collateral kills)
  A sky beast (D:5)
  An ice beast (D:6)
  An ogre (D:6)
  A wight (D:6)
  2 crimson imps (D:5)
  2 howler monkeys (D:5)
  A hound (D:5)
  Crazy Yiuf (D:5)
  An orc priest (D:4)
  An orc wizard (D:4)
  A worker ant (D:3)
  An adder (D:2)
  A worm (D:3)
  2 dart slugs (D:3)
  3 leopard geckos (D:3)
  5 orcs
  A giant cockroach (D:5)
  2 goblins
  3 hobgoblins
  3 jackals (D:5)
  3 quokkas
  A ball python (D:2)
  3 kobolds
  2 rats
43 creatures vanquished.

Grand Total: 98 creatures vanquished

Notes
Turn   | Place    | Note
-------+----------+-------------------------------------------
     0 | D:1      | KarmaPolice the Tengu Wizard began the quest for the Orb.
     0 | D:1      | Reached XP level 1. HP: 10/10 MP: 5/5
   448 | D:1      | Reached XP level 2. HP: 2/15 MP: 0/7
   492 | D:1      | Learned a level 2 spell: Call Imp
  1870 | D:2      | Reached XP level 3. HP: 19/19 MP: 2/8
  2633 | D:3      | Reached XP level 4. HP: 24/24 MP: 3/10
  3147 | D:3      | Found a snail-covered altar of Cheibriados.
  3573 | D:3      | Learned a level 2 spell: Repel Missiles
  3611 | D:3      | Found a bloodstained altar of Trog.
  3922 | D:4      | Found a staircase to the Ecumenical Temple.
  3926 | Temple   | Entered the Ecumenical Temple
  3940 | Temple   | Became a worshipper of Vehumet
  4056 | D:4      | Gained mutation: You can fly. [Tengu growth]
  4056 | D:4      | Reached XP level 5. HP: 28/28 MP: 4/11
  4058 | D:4      | Reached skill level 1 in Air Magic
  4245 | D:4      | Got a faintly humming ring mail
  4368 | D:5      | Entered Level 5 of the Dungeon
  4445 | D:5      | Noticed Sigmund
  4457 | D:5      | Killed Sigmund
  4457 | D:5      | Reached XP level 6. HP: 31/32 MP: 0/12
  4530 | D:5      | Noticed a sky beast
  4674 | D:5      | Found a hazy altar of Hepliaklqana.
  4781 | D:5      | Killed a sky beast
  4966 | D:5      | Found a runed door.
  5215 | D:5      | Found a faded altar of an unknown god.
  5215 | D:5      | Found a faded altar of an unknown god.
  5220 | D:5      | Found a white marble altar of Elyvilon.
  5222 | D:5      | Found a faded altar of an unknown god.
  5223 | D:5      | Found a shattered altar of Ashenzari.
  5255 | D:5      | Reached XP level 7. HP: 36/36 MP: 10/14
  5328 | D:5      | Noticed Crazy Yiuf
  5356 | D:5      | Killed Crazy Yiuf
  6679 | D:6      | Shot with an arrow by a centaur

Skill      XL: |  1  2  3  4  5  6  7 |
---------------+----------------------+-----
Conjurations   | 2 3 4 |  4.5
Dodging        | 3 4 |  4.7
Summonings     | 2 3 4 |  4.2
Air Magic      | 2 3 |  3.6
Spellcasting   | 4 |  4.5
Stealth        | |  2.0
Translocations | |  0.7

Action                   |  1- 3 |  4- 6 |  7- 9 || total
-------------------------+-------+-------+-------++-------
Melee: Unarmed           |    47 |    17 |       ||    64
       Kick              |     8 |     9 |     3 ||    20
       Peck              |     3 |     2 |     1 ||     6
       Quarterstaff      |       |    26 |     8 ||    34
 Cast: Magic Dart        |    58 |    25 |    17 ||   100
       Call Imp          |    13 |    46 |    57 ||   116
       Repel Missiles    |       |       |     2 ||     2
  Use: Scroll            |       |     6 |       ||     6
 Stab: Sleeping          |     2 |     2 |       ||     4
  Eat: Chunk             |     6 |     9 |     5 ||    20
Armor: Robe              |    23 |     8 |     1 ||    32
Dodge: Dodged            |    50 |    25 |    18 ||    93
       Deflected         |       |       |     2 ||     2
